 Dungeon Crawl Stone Soup version 0.26.0-10-g1f06aea511 (webtiles) character file.

Game seed: 13298858804489315198

12196 MajorAdolf the Arsonist (level 11, -9/81 HPs)
             Began as a Naga Fire Elementalist on Jan 17, 2021.
             Hit by a stone thrown by an orc knight (14 damage)
             ... on level 10 of the Dungeon.
             The game lasted 00:41:43 (19726 turns).

MajorAdolf the Arsonist (Naga Fire Elementalist)   Turns: 19726, Time: 00:41:43

Health: -9/81      AC: 11    Str: 10    XL:     11   Next: 89%
Magic:  2/24       EV:  9    Int: 21    God:
Gold:   681        SH:  0    Dex: 13    Spells: 12/28 levels left

rFire    + . .     SeeInvis +   g - +8 trident of Incongruity {elec, Int+3}
rCold    . . .     Faith    .   (no shield)
rNeg     . . .     Spirit   .   x - +2 leather armour {rF+}
rPois    +         Reflect  .   (no helmet)
rElec    .         Harm     .   A - +1 cloak {rCorr}
rCorr    +         Rampage  .   l - +1 pair of gloves
Will     +....                  (no barding)
Stlth    ++........             (no amulet)
HPRegen  0.23/turn              (no ring)
MPRegen  0.19/turn              (no ring)

@: very slow
A: large, see invisible, deformed body, poison resistance, slowness 2, spit
poison 1, AC +3
a: Spit Poison


You were on level 10 of the Dungeon.
You visited 1 branch of the dungeon, and saw 10 of its levels.
You also visited: Sewer.

You collected 681 gold pieces.

Inventory:

Hand Weapons
 g - the +8 trident of Incongruity (weapon) {elec, Int+3}
   (You found it in a sewer)

   Occasionally, upon striking a foe, it can discharge electrical energy and
   cause terrible harm.
   It affects your intelligence (+3).
Armour
 l - a +1 pair of gloves (worn)
 x - a +2 leather armour of fire resistance (worn)
 A - a +1 cloak of preservation (worn)
 B - a +0 robe of cold resistance
Magical Staves
 i - an uncursed staff of air
Jewellery
 d - an uncursed amulet of guardian spirit {unknown}
 r - a +4 ring of evasion {unknown}
 u - an uncursed ring of protection from cold {unknown}
 w - an uncursed ring of wizardry {unknown}
 D - an uncursed amulet of the acrobat {unknown}
 F - an uncursed ring of poison resistance {unknown}
 H - an uncursed ring of willpower
 I - a cursed ring of magical power
Wands
 y - a wand of random effects (10)
 C - a wand of flame (14)
 G - a wand of acid (4)
Scrolls
 h - 3 scrolls of amnesia
 k - 2 scrolls of fog
 m - 3 scrolls of magic mapping
 o - 4 scrolls of remove curse
 q - a scroll of teleportation
 t - 2 scrolls of fear {unknown}
 v - 7 scrolls of identify {unknown}
 E - a scroll of vulnerability {unknown}
Potions
 a - 2 potions of brilliance {unknown}
 b - 2 potions of cancellation {unknown}
 e - 2 potions of curing
 f - 4 potions of haste {unknown}
 j - 2 potions of flight {unknown}
 n - a potion of might {unknown}
 p - a potion of magic {unknown}
 s - 2 potions of berserk rage {unknown}
 z - 2 potions of resistance


   Skills:
 - Level 1.5 Dodging
 - Level 3.0 Stealth
 + Level 9.0 Spellcasting
 + Level 9.5 Conjurations
 + Level 9.0 Hexes
 + Level 10.0 Fire Magic


You had 12 spell levels left.
You knew the following spells:

 Your Spells              Type           Power        Failure   Level
a - Foxfire               Conj/Fire      100%         1%          1
b - Conjure Flame         Conj/Fire      50%          1%          3
c - Inner Flame           Hex/Fire       49%          1%          3
d - Sticky Flame          Conj/Fire      50%          1%          4
e - Fireball              Conj/Fire      25%          4%          5

Your spell library contained the following spells:

 Spells                   Type           Power        Failure   Level
 Tukima's Dance           Hex            47%          1%          3
 Cause Fear               Hex            23%          2%          4
 Apportation              Tloc           18%          10%         1
 Freeze                   Ice            36%          10%         1
 Hailstorm                Conj/Ice       29%          14%         4
 Frozen Ramparts          Ice            18%          28%         3
 Lesser Beckoning         Tloc           4%           28%         3
 Ozocubu's Armour         Ice            9%           28%         3
 Invisibility             Hex            47%          36%         6
 Silence                  Hex/Air        14%          38%         5
 Yara's Violent Unravell  Hex/Tmut       14%          38%         5
 Summon Ice Beast         Ice/Summ       9%           67%         4
 Alistair's Intoxication  Tmut/Pois      6%           95%         5
 Discord                  Hex            23%          100%        8


Dungeon Overview and Level Annotations

Branches:
Dungeon (10/15)            Temple (0/1) D:4            Lair (0/6) D:8
  Sewer (visited)
    Orc: D:9-12

Altars:
Ashenzari
Elyvilon
Fedhas
Gozag
Hepliaklqana
Kikubaaqudgha
Makhleb
Nemelex Xobeh
Okawaru
Trog
Uskayaw
The Shining One

Annotations:
D:3 2 transporters, 2 runed translucent doors, dohliylev's ghost, weakling GrFi
D:9 Gastronok


Innate Abilities, Weirdness & Mutations

You cannot wear boots.
Your serpentine skin is tough. (AC +3)
You have supernaturally acute eyesight. (SInv)
Armour fits poorly on your strangely shaped body.
Your system is resistant to poisons. (rPois)
You cover ground very slowly.
You can spit poison.


Message History

Casting: Sticky Flame (dangerous; 1% risk of failure)
Confirm with . or Enter, or press ? or * to list all spells.
Aiming: Sticky Flame (dangerous; 1% risk of failure)
Press: ? - help, Shift-Dir - straight line, f/p - orc knight
Aim: an orc knight, wielding a +0 great sword, wearing a +0 chain mail and quivering 14 stones (heavily wounded, 0% to evade)
The sticky flame hits the orc knight but does no damage.
The orc knight is heavily wounded.
The orc knight is covered in liquid flames!
The orc knight burns!
The orc knight closely misses you.
You feel much better.
The orc knight burns!
The orc knight hits you with a +0 great sword!
* * * LOW HITPOINT WARNING * * *
Unknown command.
The orc knight burns!
The orc knight throws a stone.
The stone barely misses you.
You see here 26 stones.
Unknown command.
The orc knight burns! x2; The orc knight stops burning.
The orc knight throws a stone.
The stone hits you!
You die...

....# #).......((.## #..[.. ....#
#...#######..## #..... ....#
##..##B.#####(.####..... ..)(#
#..##.####..##.......... ...)#
#.##.###..##.##..####### ##.)#
#.##.##.#####.#.##.....#
#(.######.###°#.#.o##.###..#..(.
#.........###.##(##(##.#..##..#.
#.........#.##.@#.#)##...###..##
#.........#.#####.##(#..[.).#)##
#.........##.##..###o#.....###..
##....>.....##..####.##..###.#...
.............#####.o####..##..###
###...........###....(###..#..##.
#..####.......##..#.(###)...#..
#..# #.###..##.#####)###.....#
#..# #.# #.##.# ##.########


You could see an orc knight.

Vanquished Creatures
  A boulder beetle (D:10)
  2 two-headed ogres
  Pikel (D:4)
  A manticore (D:10)
  3 trolls (D:10)
  A hornet (D:10)
  Prince Ribbit (D:8)
  11 yaks
  A wraith (D:10)
  2 basilisks (D:8)
  A steam dragon (D:10)
  Eustachio (D:5)
  Edmund (D:6)
  3 water moccasins
  3 orc warriors
  A black bear (D:9)
  2 sky beasts
  3 ice beasts
  5 ogres
  2 necrophages (D:8)
  2 phantoms
  4 lemures (D:4)
  7 centaurs
  2 big kobolds
  10 bullfrogs
  A wyvern zombie (D:9)
  A scorpion (D:5)
  8 killer bees
  8 wights
  2 howler monkeys (D:9)
  2 centaur zombies
  A bullfrog zombie (D:6)
  7 hounds
  4 jellies
  3 orc priests
  Crazy Yiuf (D:6)
  3 bullfrog skeletons
  A gnoll shaman (D:8)
  Natasha (thrice) (D:2)
  4 iguanas
  10 orc wizards
  4 worker ants
  A killer bee zombie (D:7)
  A centaur simulacrum (D:10)
  A hound zombie (D:7)
  2 hound skeletons (D:7)
  3 worker ant zombies
  16 gnolls
  A howler monkey skeleton (D:10)
  10 adders
  2 white imps (D:6)
  5 ufetubi
  8 oozes
  2 adder skeletons
  An adder zombie (D:9)
  3 worms
  2 dart slugs (D:1)
  17 leopard geckos
  45 orcs
  5 bats
  16 giant cockroaches
  9 goblins
  14 hobgoblins
  20 jackals
  5 quokkas
  7 ball pythons
  14 frilled lizards
  17 kobolds
  A leopard gecko skeleton (D:4)
  A leopard gecko zombie (D:8)
  A quokka zombie (D:8)
  18 rats
382 creatures vanquished.

Vanquished Creatures (others)
  4 bushes (D:8)
  598 foxfires
  7 fungi (D:8)
  18 plants (D:8)
627 creatures vanquished.

Grand Total: 1009 creatures vanquished

Notes
Turn   | Place    | Note
-------+----------+-------------------------------------------
     0 | D:1      | MajorAdolf the Naga Fire Elementalist began the quest for
                  | the Orb.
     0 | D:1      | Reached XP level 1. HP: 15/15 MP: 3/3
   436 | D:1      | Reached XP level 2. HP: 19/22 MP: 1/5
   789 | D:1      | Reached XP level 3. HP: 28/28 MP: 3/6
  1096 | D:1      | Learned a level 3 spell: Conjure Flame
  1700 | D:2      | Reached XP level 4. HP: 36/36 MP: 6/8
  2283 | D:2      | Noticed Natasha
  2676 | D:2      | Found a faded altar of an unknown god.
  2787 | D:2      | Killed Natasha
  2788 | D:2      | Reached skill level 4 in Fire Magic
  2788 | D:2      | Reached XP level 5. HP: 25/42 MP: 6/9
  2867 | D:2      | Noticed Natasha
  2876 | D:2      | Killed Natasha
  3083 | D:2      | Learned a level 3 spell: Inner Flame
  3118 | D:2      | Noticed Natasha
  3123 | D:2      | Killed Natasha
  3154 | D:2      | Found a blossoming altar of Fedhas.
  3273 | D:3      | Found a broken altar of Ashenzari.
  3318 | D:3      | Found a glowing drain.
  3348 | Sewer    | Entered a sewer
  3511 | Sewer    | Reached XP level 6. HP: 49/49 MP: 8/11
  3664 | Sewer    | Reached skill level 1 in Hexes
  4327 | Sewer    | Reached XP level 7. HP: 28/55 MP: 4/13
  4332 | Sewer    | Learned a level 4 spell: Sticky Flame
  4398 | Sewer    | Got a pitted trident
  4399 | Sewer    | Identified the +8 trident of Incongruity {elec, Int+3} (You
                  | found it in a sewer)
  4494 | D:3      | Found a white marble altar of Elyvilon.
  4507 | D:3      | Found a transporter.
  5160 | D:3      | Found a transporter.
  5683 | D:3      | Found a large runed translucent door.
  5683 | D:3      | Found a large runed translucent door.
  5770 | D:3      | Noticed dohliylev's ghost (weakling GrFi)
  5961 | D:4      | Noticed Pikel
  6726 | D:4      | Reached skill level 5 in Fire Magic
  6986 | D:4      | Killed Pikel
  6987 | D:4      | Reached XP level 8. HP: 48/62 MP: 10/15
  7083 | D:4      | Found a burning altar of Makhleb.
  7221 | D:4      | Found a staircase to the Ecumenical Temple.
  7352 | D:4      | Found a sparkling altar of Nemelex Xobeh.
  7482 | D:4      | Found an opulent altar of Gozag.
  7624 | D:4      | Found an ancient bone altar of Kikubaaqudgha.
  7653 | D:5      | Entered Level 5 of the Dungeon
  7697 | D:5      | Reached skill level 5 in Spellcasting
  7785 | D:5      | Reached skill level 5 in Conjurations
  8082 | D:5      | Reached skill level 6 in Fire Magic
  9008 | D:6      | Noticed Eustachio
  9028 | D:5      | Killed Eustachio
  9029 | D:5      | Reached XP level 9. HP: 29/68 MP: 17/17
  9387 | D:6      | Reached skill level 5 in Hexes
  9449 | D:6      | Found a glowing golden altar of the Shining One.
 10152 | D:6      | Found a runed translucent door.
 10153 | D:6      | Noticed Crazy Yiuf
 10278 | D:6      | Noticed Edmund
 10289 | D:6      | Killed Edmund
 10618 | D:6      | Killed Crazy Yiuf
 10619 | D:6      | Reached skill level 7 in Fire Magic
 12035 | D:7      | Found a hide-covered altar of Uskayaw.
 12794 | D:7      | Reached XP level 10. HP: 75/75 MP: 16/20
 13316 | D:8      | Noticed Prince Ribbit
 13329 | D:8      | Reached skill level 8 in Fire Magic
 13797 | D:8      | Killed Prince Ribbit
 14005 | D:8      | Noticed a two-headed ogre
 14023 | D:8      | Killed a two-headed ogre
 14352 | D:8      | Found a hazy altar of Hepliaklqana.
 14374 | D:8      | Found an iron altar of Okawaru.
 14712 | D:8      | Found a staircase to the Lair.
 15088 | D:7      | Learned a level 5 spell: Fireball
 15185 | D:9      | Reached XP level 11. HP: 61/81 MP: 14/22
 15443 | D:9      | Found a bloodstained altar of Trog.
 15523 | D:9      | Reached skill level 9 in Fire Magic
 15652 | D:9      | Noticed a two-headed ogre
 15662 | D:9      | Killed a two-headed ogre
 16342 | D:9      | Noticed Gastronok
 16370 | D:9      | HP: 1/81 [Gastronok/the air (25)]
 17158 | D:10     | Entered Level 10 of the Dungeon
 18023 | D:10     | Noticed a manticore
 18027 | D:10     | Killed a manticore
 19127 | D:10     | Noticed a boulder beetle
 19344 | D:10     | Killed a boulder beetle
 19655 | D:10     | Reached skill level 10 in Fire Magic
 19686 | D:10     | Noticed an orc knight
 19722 | D:10     | HP: 1/81 [orc knight/+0 great sword (17)]
 19726 | D:10     | Hit by a stone thrown by an orc knight

Illustrated notes

Levels and vault maps discovered:
D:1:      dpeg_arrival_stone_temple_mockup, layout_loops_ring
D:2:      layout_rooms, fedhas_altar_2, chequers_ecumenical_altar_simple_redux,
          uniq_natasha
D:3:      layout_loops_ring, ashenzari_conservatory_becter,
          gammafunk_temple_overflow_arena, portal_sewer_entry_b,
          ebering_ghost_disaster_area, lemuel_old_faithful
D:4:      layout_loops_ring, nicolae_gozag_cash_rules_everything_around_me,
          marbit_many_paths, old_standard_altar, minmay_temple_entry_poolview,
          nemelex_dance_club_becter, uniq_pikel
D:5:      layout_cave_pods, chequers_serial_rivers_small_a
D:6:      layout_loops_cross, tso_oasis_becter, uniq_edmund,
          uniq_crazy_yiuf_cottage, uniq_eustachio
D:7:      layout_gridville, nicolae_overflow_crystal_walls
D:8:      layout_basic, kennysheep_mini, nzn_hepliaklqana_mist_gate,
          minmay_lair_entry_grove, uniq_prince_ribbit1
D:9:      layout_gridville, old_standard_altar, uniq_gastronok
D:10:     minmay_the_grid_octo_triangle [minmay_the_grid_octo_fan_narrow,
          minmay_the_grid_octo_prize_big_c, minmay_the_grid_octo_pinwheel],
          layout_small_grid

Skill      XL: |  1  2  3  4  5  6  7  8  9 10 11 |
---------------+----------------------------------+-----
Conjurations   | 2 3 4 5 7 8 9 |  9.5
Spellcasting   | 3 4 5 6 7 9 |  9.0
Fire Magic     | 4 5 6 7 8 10 | 10.0
Hexes          | 2 3 4 6 7 9 |  9.0
Dodging        | |  1.5
Stealth        | |  3.0

Action                   |  1- 3 |  4- 6 |  7- 9 | 10-12 || total
-------------------------+-------+-------+-------+-------++-------
Melee: Unarmed           |     7 |     1 |       |       ||     8
       Trident           |       |       |   303 |   109 ||   412
 Cast: Foxfire           |    59 |   135 |    54 |   112 ||   360
       Conjure Flame     |       |     1 |    29 |    15 ||    45
       Inner Flame       |       |       |     1 |     8 ||     9
       Sticky Flame      |       |       |     6 |    40 ||    46
       Fireball          |       |       |       |    44 ||    44
 Abil: Spit Poison       |     7 |     7 |     9 |     3 ||    26
  Use: Scroll            |       |     7 |     1 |     5 ||    13
       Potion            |       |       |       |     7 ||     7
 Stab: Sleeping          |       |       |    12 |     2 ||    14
       Distracted        |       |       |       |     1 ||     1
Armor: Robe              |     8 |     8 |    49 |       ||    65
       Leather armour    |       |       |    77 |   129 ||   206
Dodge: Dodged            |    14 |    18 |   157 |   155 ||   344
